Map: 2000 Atmospheres LE

Players

Trap - Winner!

  • Race: Protoss Protoss

Clem

  • Race: Terran Terran

Event: DreamHack SC2 Masters 2021 Winter

VOD

Have the link to the VOD?

Description

Time

  • Played on: Nov. 13, 2021, 8:19 a.m.
  • Length: 10:50

All games in this series

Show
View Real Time Build Order
Export as new Build Order

Trap Protoss - Winner!

Build Orders: 1 Gate Expand, Oracle Opening 

Get SALT Encoding   

  12  0:00  Probe  
  13  0:12  Probe  
  14  0:17  Pylon  
  14  0:24  Probe (Chrono Boost)  
  15  0:36  Gateway, Probe (Chrono Boost)  
  16  0:44  Probe (Chrono Boost)  
  16  0:45  Assimilator  
  17  0:51  Probe  
  18  1:03  Probe  
  19  1:15  Probe  
  20  1:23  Cybernetics Core  
  20  1:32  Nexus  
  20  1:39  Pylon  
  20  1:42  Probe  
  21  1:47  Assimilator  
  21  1:54  Probe  
  21  1:57  Adept (Chrono Boost)  
  24  2:04  Pylon  
  24  2:07  Probe  
  25  2:19  Probe  
  26  2:25  Adept (Chrono Boost), Stargate  
  28  2:32  Probe  
  28  2:34  Warp Gate  
  29  2:44  Probe  
  30  2:46  Probe  
  30  2:48  Adept  
  33  2:56  Probe  
  33  2:58  Probe  
  35  3:05  Oracle (Chrono Boost)  
  35  3:08  Probe  
  35  3:10  Probe  
  40  3:20  Probe  
  40  3:22  Gateway, Probe  
  42  3:27  Gateway  
  42  3:33  Oracle (Chrono Boost)  
  42  3:38  Probe  
  46  3:44  Pylon  
  46  3:46  Probe, Shield Battery  
  46  3:50  Probe  
  47  4:01  Pylon  
  48  4:02  Probe  
  48  4:03  Probe, Oracle (Chrono Boost)  
  44  4:15  Probe x2  
  42  4:24  Stalker  
  42  4:25  Stalker  
  42  4:29  Probe  
  42  4:30  Probe  
  47  4:42  Probe x2  
  49  4:46  Phoenix (Chrono Boost)  
  49  4:52  Adept x3  
  57  4:56  Probe x2  
  59  5:03  Pylon  
  59  5:08  Probe  
  59  5:12  Phoenix (Chrono Boost)  
  62  5:15  Pylon  
  64  5:21  Probe x2  
  62  5:33  Probe x2  
  58  5:42  Nexus  
  58  5:43  Pylon  
  58  5:45  Probe  
  58  5:47  Assimilator, Probe  
  58  5:49  Assimilator  
  60  5:55  Phoenix (Chrono Boost)  
  62  5:58  Probe  
  62  5:59  Probe  
  62  6:01  Twilight Council  
  64  6:05  Forge  
  64  6:11  Probe x2  
  65  6:12  Phoenix (Chrono Boost)  
  65  6:17  Pylon  
  68  6:21  Protoss Ground Armor Level 1 (Chrono Boost)  
  68  6:24  Probe x2  
  70  6:33  Gateway  
  70  6:34  Gateway  
  70  6:35  Charge (Chrono Boost)  
  70  6:37  Gateway  
  70  6:47  Phoenix  
  72  6:57  Probe x3  
  72  6:59  Gateway  
  75  7:02  Gateway  
  75  7:04  Shield Battery  
  75  7:09  Shield Battery  
  75  7:11  Sentry x3  
  81  7:16  Phoenix (Chrono Boost)  
  81  7:17  Probe  
  81  7:19  Probe  
  81  7:20  Probe  
  86  7:27  Pylon  
  86  7:30  Zealot, Pylon  
  86  7:36  Zealot x3  
  94  7:43  Zealot x2  
  98  7:44  Probe x2  
  98  7:45  Probe  
  98  7:49  Templar Archives  
  101  7:53  Pylon  
  101  7:56  Probe x2  
  101  7:57  Probe  
  104  8:00  Pylon  
  104  8:07  Zealot  
  104  8:08  Zealot x3  
  112  8:14  Robotics Facility  
  112  8:21  Protoss Ground Weapons Level 1 (Chrono Boost)  
  112  8:24  Nexus  
  112  8:28  Pylon  
  112  8:31  Zealot, High Templar x2  
  118  8:37  Zealot x3, Archon  
  118  8:39  Zealot  
  126  8:42  Probe x2  
  126  8:44  Probe  
  129  8:55  Zealot x2  
  133  8:59  Pylon  
  133  9:00  Pylon  
  133  9:10  Zealot x4  
  133  9:16  Pylon  
  141  9:20  Probe x3  
  144  9:26  Photon Cannon  
  144  9:29  Zealot x4  
  144  9:30  Zealot x2  
  156  9:37  Observer (Chrono Boost)  
  157  9:50  Observer (Chrono Boost)  
  157  9:52  Probe x2  
  160  9:53  Probe x2  
  160  9:54  Robotics Facility, Robotics Bay  
  160  9:55  Shield Battery  
  160  9:56  Shield Battery  
  162  10:01  Zealot  
  163  10:10  Zealot, High Templar x2  
  163  10:11  Zealot x4  
  177  10:17  Gateway  
  177  10:18  Gateway  
  177  10:21  Gateway  
  174  10:22  Archon  
  174  10:33  Probe x4  
  164  10:36  Zealot x6  
Show
View Real Time Build Order
Export as new Build Order

Clem Terran 

Build Orders:  

Get SALT Encoding   

  12  0:00  SCV  
  13  0:12  SCV  
  14  0:16  Supply Depot  
  14  0:24  SCV  
  15  0:38  SCV  
  15  0:40  Barracks  
  16  0:43  Refinery  
  16  0:50  SCV  
  17  1:02  SCV  
  18  1:14  SCV  
  19  1:27  Marine, Orbital Command  
  20  1:41  Command Center  
  20  1:52  Factory  
  20  1:55  SCV  
  21  2:03  Barracks Reactor  
  21  2:07  Supply Depot  
  21  2:09  SCV  
  22  2:19  Bunker  
  22  2:22  SCV  
  23  2:23  Refinery  
  23  2:34  SCV  
  24  2:44  Starport  
  24  2:45  Hellion  
  24  2:49  Hellion  
  24  2:50  SCV  
  29  2:58  Orbital Command  
  29  3:02  SCV  
  30  3:08  Hellion  
  31  3:13  Hellion  
  31  3:15  Marine  
  31  3:18  SCV  
  35  3:22  Medivac  
  35  3:25  SCV  
  38  3:31  Supply Depot  
  38  3:32  SCV  
  39  3:37  SCV  
  40  3:42  Factory Tech Lab  
  40  3:43  Marine x2  
  40  3:44  SCV  
  40  3:49  SCV  
  38  3:56  SCV  
  38  4:02  Cyclone  
  42  4:07  Marine x2  
  42  4:08  SCV  
  43  4:10  SCV  
  39  4:20  SCV  
  39  4:22  SCV  
  38  4:25  Marine x2  
  40  4:32  SCV  
  40  4:34  SCV  
  42  4:42  Marine x2  
  42  4:45  SCV, Cyclone  
  48  4:47  Supply Depot  
  48  4:48  SCV  
  48  4:51  Barracks  
  49  4:57  SCV  
  50  5:00  SCV, Marine x2  
  51  5:09  SCV  
  51  5:12  SCV  
  53  5:16  Barracks  
  53  5:18  Refinery, Marine x2  
  53  5:20  Supply Depot  
  53  5:21  SCV  
  56  5:24  SCV  
  56  5:25  Factory Reactor  
  53  5:33  SCV  
  50  5:36  Marine x2  
  50  5:38  Viking  
  50  5:41  SCV  
  52  5:45  SCV  
  52  5:46  Marine  
  52  5:47  Stimpack  
  53  5:52  Engineering Bay  
  53  5:53  SCV  
  53  5:54  Marine x2  
  54  5:57  SCV  
  54  6:04  Marine  
  55  6:05  SCV  
  55  6:08  Widow Mine x2  
  55  6:09  Supply Depot  
  61  6:11  Marine  
  61  6:14  SCV, Marine  
  61  6:16  Starport Reactor  
  64  6:18  Missile Turret  
  64  6:21  Missile Turret  
  64  6:22  Marine  
  64  6:23  SCV  
  66  6:27  SCV  
  66  6:29  Barracks Tech Lab, Marine  
  68  6:35  Supply Depot, SCV  
  68  6:39  SCV, Marine  
  70  6:46  Refinery  
  70  6:47  SCV, Combat Shield  
  70  6:48  Terran Infantry Weapons Level 1, Marine x2  
  70  6:49  Marine  
  70  6:50  Widow Mine  
  74  6:55  SCV  
  74  6:57  Marine  
  74  6:59  SCV  
  74  7:00  Supply Depot  
  77  7:06  Marine  
  77  7:07  SCV  
  81  7:09  Marine x2  
  81  7:11  SCV  
  81  7:13  Medivac x2  
  86  7:21  Marine  
  87  7:23  Supply Depot  
  87  7:24  Widow Mine x2  
  87  7:26  SCV  
  87  7:28  Supply Depot, SCV  
  93  7:30  Marine  
  94  7:37  Supply Depot  
  94  7:43  Marine x2  
  94  7:44  Marine  
  94  7:46  Widow Mine x2  
  94  7:47  Medivac  
  94  7:48  Marine  
  94  7:50  Medivac  
  104  7:53  Supply Depot  
  104  8:01  Marine  
  104  8:04  Command Center  
  105  8:09  Concussive Shells  
  105  8:10  Supply Depot  
  105  8:11  Widow Mine  
  107  8:14  Widow Mine  
  107  8:17  Marine x2  
  111  8:20  Medivac, Marine  
  111  8:24  Marauder  
  116  8:29  SCV x2  
  116  8:33  Supply Depot  
  118  8:34  Marine  
  118  8:37  Widow Mine x2  
  118  8:38  Marine  
  124  8:43  Barracks  
  124  8:47  Barracks  
  121  8:52  Marine x3  
  124  9:00  SCV x2  
  126  9:06  Widow Mine x2, Marine  
  122  9:11  Missile Turret, Medivac  
  122  9:12  SCV  
  122  9:13  Medivac  
  122  9:15  SCV  
  128  9:17  Marine  
  128  9:20  Orbital Command  
  128  9:23  Marine  
  130  9:24  SCV, Marine  
  130  9:26  Marine  
  130  9:30  Widow Mine  
  132  9:31  Widow Mine  
  132  9:34  Marine x2  
  132  9:35  Marine  
  137  9:39  Supply Depot, SCV  
  137  9:40  SCV  
  137  9:45  Marauder  
  141  9:47  SCV  
  141  9:50  Marine  
  141  9:52  SCV x2  
  145  9:54  Barracks Tech Lab, Ghost Academy  
  145  9:55  Barracks Tech Lab  
  145  9:59  SCV  
  146  10:02  Widow Mine x2  
  146  10:03  Marine  
  146  10:04  Marauder, SCV  
  146  10:06  SCV  
  153  10:09  Marine  
  153  10:10  Marauder  
  154  10:15  Marine  
  154  10:18  Marauder  
  155  10:21  Supply Depot  
  155  10:22  SCV x2  
  155  10:23  Refinery  
  155  10:25  Marauder  
  146  10:28  Marine  
  146  10:31  Marine  

Tags
 
Add a new tag
Caveats
  • Supply blocks, unpowered buildings, or Contaminate may cause inaccurate times.
  • Supply counts are checked every 10 seconds.